[ AOE2 MATCH · #495965565 ]
UnrankedKhmer vs Lithuanians
Player's team · LOSS
[ REPLAY ANALYSIS · EXTRACTED FROM THE RECORDED GAME ]
Feudal
11:46
Castle
14:33
Imperial
—
| APM avg | 53.4 |
| APM peak | 107 |
| eAPM avg | 28.6 |
| Villagers / military | 92 / 26 |
Focus
⚔️ 24.9% · 🌾 75.1%
Scout Cavalry ×15 · Scorpion ×10 · Monk ×1
Feudal
8:30
Castle
21:20
Imperial
—
| APM avg | 56.1 |
| APM peak | 96 |
| eAPM avg | 30.4 |
| Villagers / military | 101 / 49 |
Focus
⚔️ 34.9% · 🌾 65.1%
Spearman ×33 · Skirmisher ×7 · Mangonel ×5 · Monk ×4
Match map
Initial resources + every placement click. Lines = walls · curves = elevation contours. ◆ gold · ⬟ stone · ● berries · ✦ relic · ◌ wall gap
Your base· Open — 3t gap
Estudasses's base· ✓ Closed at 21:20 · 2t walls · 1 gate(s)
Smoothed initial terrain · ◌ = detected wall gap · hover for details
Inputs per minute
— [DDocs] Dr.Elektrostuhl - - Estudasses
Build order — [DDocs] Dr.Elektrostuhl
First 150 of 211 actions detected
| 0:00 | Queue | Villager (Male) ×4 |
| 0:01 | Queue | Villager (Male) ×4 |
| 0:02 | Build | House |
| 0:04 | Build | House |
| 1:27 | Queue | Villager (Male) |
| 1:49 | Queue | Villager (Male) |
| 1:51 | Build | Lumber Camp |
| 2:23 | Queue | Villager (Male) |
| 2:38 | Queue | Villager (Male) |
| 3:10 | Queue | Villager (Male) |
| 3:16 | Queue | Villager (Male) |
| 3:24 | Build | Mill |
| 3:57 | Build | House |
| 4:09 | Queue | Villager (Male) |
| 4:25 | Queue | Villager (Male) |
| 4:25 | Queue | Villager (Male) |
| 5:14 | Build | House |
| 5:24 | Queue | Villager (Male) |
| 5:37 | Queue | Villager (Male) |
| 6:06 | Queue | Villager (Male) |
| 6:10 | Build | Mining Camp |
| 6:32 | Queue | Villager (Male) |
| 6:44 | Build | Palisade Wall |
| 7:04 | Queue | Villager (Male) |
| 7:04 | Queue | Villager (Male) |
| 7:44 | Queue | Villager (Male) |
| 7:44 | Queue | Villager (Male) |
| 7:45 | Queue | Villager (Male) |
| 8:03 | Build | House |
| 8:38 | Research | Loom |
| 8:49 | Build | Palisade Wall |
| 8:52 | Build | Palisade Wall |
| 9:05 | Build | House |
| 9:13 | Build | Farm |
| 9:17 | Build | Farm |
| 9:34 | Research | Feudal Age |
| 9:47 | Build | House |
| 10:29 | Build | House |
| 11:46 | Age | Feudal Age |
| 11:49 | Queue | Villager (Male) |
| 11:51 | Research | Castle Age |
| 12:02 | Build | Stable |
| 12:45 | Queue | Scout Cavalry |
| 12:46 | Queue | Scout Cavalry |
| 12:47 | Build | Blacksmith |
| 12:48 | Research | Double-Bit Axe |
| 12:48 | Research | Double-Bit Axe |
| 13:00 | Build | Farm |
| 13:36 | Research | Bloodlines |
| 13:37 | Research | Scale Barding Armor |
| 13:45 | Research | Forging |
| 13:56 | Build | Farm |
| 14:01 | Build | Farm |
| 14:04 | Build | Farm |
| 14:08 | Build | Farm |
| 14:10 | Build | Farm |
| 14:11 | Queue | Villager (Male) |
| 14:26 | Build | Farm |
| 14:33 | Age | Castle Age |
| 14:35 | Build | Farm |
| 14:57 | Queue | Villager (Male) |
| 15:24 | Queue | Villager (Male) |
| 15:25 | Queue | Villager (Male) |
| 15:54 | Build | Town Center |
| 16:03 | Build | Palisade Wall |
| 16:04 | Build | Palisade Wall |
| 16:08 | Build | Palisade Wall |
| 16:13 | Build | Palisade Wall |
| 16:14 | Build | Palisade Wall |
| 16:16 | Build | Palisade Wall |
| 16:22 | Queue | Villager (Male) |
| 16:22 | Queue | Villager (Male) |
| 16:27 | Queue | Villager (Male) |
| 16:44 | Queue | Villager (Male) |
| 16:44 | Queue | Villager (Male) |
| 16:48 | Queue | Villager (Male) |
| 16:48 | Queue | Villager (Male) |
| 17:04 | Build | Palisade Wall |
| 17:14 | Queue | Villager (Male) |
| 17:19 | Build | Farm |
| 17:20 | Build | Farm |
| 17:21 | Build | Farm |
| 17:26 | Queue | Villager (Male) |
| 17:37 | Queue | Villager (Male) |
| 17:42 | Build | Farm |
| 17:49 | Research | Bow Saw |
| 18:28 | Build | Siege Workshop |
| 18:42 | Queue | Villager (Male) |
| 18:42 | Queue | Villager (Male) |
| 18:57 | Queue | Villager (Male) |
| 18:57 | Queue | Villager (Male) |
| 19:31 | Queue | Villager (Male) |
| 19:31 | Queue | Villager (Male) |
| 19:51 | Queue | Villager (Male) |
| 19:51 | Queue | Villager (Male) |
| 20:01 | Queue | Villager (Male) |
| 20:11 | Queue | Villager (Male) |
| 20:16 | Queue | Villager (Male) |
| 20:16 | Queue | Villager (Male) |
| 20:24 | Build | Town Center |
| 20:25 | Queue | Villager (Male) |
| 20:41 | Build | Monastery |
| 20:44 | Queue | Scout Cavalry |
| 20:45 | Queue | Scout Cavalry |
| 20:48 | Build | House |
| 20:49 | Build | Palisade Wall |
| 21:05 | Build | Palisade Wall |
| 21:06 | Build | Palisade Wall |
| 21:11 | Queue | Scorpion |
| 21:11 | Queue | Scorpion |
| 21:14 | Queue | Scout Cavalry |
| 21:21 | Research | Light Cavalry (upgrade) |
| 21:22 | Queue | Villager (Male) |
| 21:39 | Queue | Scorpion |
| 21:44 | Build | Farm |
| 21:45 | Build | Farm |
| 21:49 | Build | Lumber Camp |
| 21:51 | Build | Lumber Camp |
| 21:55 | Queue | Scout Cavalry |
| 21:55 | Queue | Scout Cavalry |
| 21:58 | Queue | Scorpion |
| 21:58 | Queue | Scorpion |
| 22:13 | Queue | Villager (Male) |
| 22:22 | Queue | Monk |
| 22:27 | Build | Farm |
| 22:32 | Queue | Villager (Male) ×3 |
| 23:14 | Queue | Villager (Male) |
| 23:40 | Queue | Villager (Male) |
| 23:41 | Queue | Villager (Male) |
| 23:41 | Queue | Villager (Male) |
| 23:50 | Queue | Scorpion |
| 23:50 | Queue | Scorpion |
| 23:51 | Queue | Villager (Male) |
| 24:07 | Queue | Villager (Male) |
| 24:07 | Queue | Villager (Male) |
| 24:22 | Queue | Villager (Male) |
| 24:22 | Queue | Villager (Male) |
| 24:44 | Build | Farm |
| 24:44 | Build | Farm |
| 24:44 | Build | Farm |
| 24:45 | Build | Farm |
| 24:45 | Build | Farm |
| 24:45 | Build | Farm |
| 24:45 | Build | Farm |
| 24:46 | Build | Farm |
| 24:48 | Queue | Scout Cavalry |
| 24:48 | Queue | Scout Cavalry |
| 24:55 | Build | House |
| 24:56 | Build | House |
| 24:56 | Build | House |
Build order — Estudasses
First 150 of 236 actions detected
| 0:00 | Queue | Villager (Male) |
| 0:02 | Build | House |
| 0:04 | Build | House |
| 0:12 | Queue | Villager (Male) |
| 0:12 | Queue | Villager (Male) |
| 0:17 | Queue | Villager (Male) |
| 0:20 | Queue | Villager (Male) |
| 0:27 | Queue | Villager (Male) |
| 1:28 | Queue | Villager (Male) |
| 1:55 | Build | Lumber Camp |
| 2:22 | Queue | Villager (Male) |
| 2:40 | Queue | Villager (Male) |
| 2:40 | Queue | Villager (Male) |
| 3:01 | Queue | Villager (Male) |
| 3:01 | Queue | Villager (Male) |
| 3:28 | Queue | Villager (Male) |
| 3:28 | Queue | Villager (Male) |
| 3:37 | Queue | Villager (Male) |
| 3:44 | Build | House |
| 3:52 | Queue | Villager (Male) |
| 4:13 | Build | Mill |
| 4:50 | Queue | Villager (Male) |
| 4:51 | Queue | Villager (Male) |
| 5:34 | Build | House |
| 6:19 | Research | Feudal Age |
| 6:24 | Research | Loom |
| 6:52 | Build | Barracks |
| 7:27 | Queue | Villager (Male) |
| 7:42 | Build | House |
| 7:43 | Build | Palisade Wall |
| 7:43 | Build | Palisade Wall |
| 7:44 | Build | Palisade Wall |
| 8:30 | Age | Feudal Age |
| 8:32 | Build | Archery Range |
| 8:33 | Research | Double-Bit Axe |
| 8:37 | Queue | Spearman |
| 8:38 | Queue | Villager (Male) |
| 8:51 | Queue | Villager (Male) |
| 9:04 | Queue | Spearman |
| 9:06 | Queue | Villager (Male) |
| 9:15 | Build | Palisade Gate |
| 9:18 | Build | House |
| 9:24 | Queue | Spearman |
| 9:31 | Queue | Skirmisher |
| 9:33 | Queue | Villager (Male) |
| 9:43 | Queue | Spearman |
| 9:45 | Queue | Skirmisher |
| 9:46 | Queue | Villager (Male) |
| 9:56 | Queue | Spearman |
| 10:17 | Build | House |
| 10:18 | Build | House |
| 10:31 | Queue | Skirmisher |
| 10:32 | Queue | Spearman |
| 10:47 | Queue | Villager (Male) |
| 11:00 | Queue | Skirmisher |
| 11:01 | Queue | Spearman |
| 11:04 | Queue | Villager (Male) |
| 11:17 | Queue | Villager (Male) |
| 11:37 | Build | House |
| 11:38 | Queue | Villager (Male) |
| 11:40 | Build | Farm |
| 11:56 | Queue | Villager (Male) |
| 12:13 | Queue | Villager (Male) |
| 12:21 | Build | Lumber Camp |
| 12:22 | Queue | Villager (Male) |
| 12:29 | Build | Mining Camp |
| 12:30 | Queue | Villager (Male) |
| 12:30 | Queue | Villager (Male) |
| 12:39 | Queue | Spearman |
| 12:39 | Queue | Spearman |
| 12:40 | Queue | Skirmisher |
| 12:40 | Queue | Skirmisher |
| 12:40 | Queue | Skirmisher |
| 12:49 | Build | House |
| 12:51 | Build | House |
| 12:53 | Queue | Spearman |
| 12:54 | Queue | Villager (Male) |
| 13:06 | Build | Farm |
| 13:08 | Build | Farm |
| 13:12 | Queue | Villager (Male) |
| 13:12 | Queue | Villager (Male) |
| 13:24 | Queue | Spearman |
| 13:38 | Queue | Villager (Male) |
| 13:38 | Queue | Villager (Male) |
| 13:51 | Build | Farm |
| 13:54 | Build | Farm |
| 13:55 | Queue | Villager (Male) |
| 14:16 | Queue | Spearman |
| 14:16 | Queue | Spearman |
| 14:31 | Build | Farm |
| 14:44 | Build | Lumber Camp |
| 14:45 | Queue | Villager (Male) |
| 15:02 | Queue | Spearman |
| 15:07 | Queue | Spearman |
| 15:08 | Queue | Villager (Male) |
| 15:20 | Queue | Villager (Male) |
| 15:27 | Build | House |
| 15:28 | Build | House |
| 15:31 | Build | Farm |
| 15:32 | Queue | Villager (Male) |
| 15:32 | Queue | Villager (Male) |
| 15:52 | Build | House |
| 15:58 | Build | House |
| 16:02 | Queue | Spearman |
| 16:16 | Queue | Villager (Male) |
| 16:16 | Queue | Villager (Male) |
| 16:26 | Queue | Spearman |
| 16:27 | Queue | Villager (Male) |
| 16:29 | Build | Farm |
| 16:33 | Build | Market |
| 16:36 | Build | Farm |
| 16:37 | Queue | Villager (Male) |
| 16:40 | Build | Farm |
| 16:42 | Build | Farm |
| 16:55 | Queue | Villager (Male) |
| 17:11 | Build | Farm |
| 17:13 | Research | Wheelbarrow |
| 17:44 | Build | Farm |
| 17:50 | Build | Blacksmith |
| 18:14 | Build | Farm |
| 18:16 | Build | Farm |
| 18:17 | Build | Farm |
| 18:37 | Build | Mill |
| 18:40 | Research | Castle Age |
| 18:40 | Research | Castle Age |
| 19:01 | Queue | Spearman |
| 19:20 | Research | Forging |
| 20:13 | Research | Scale Mail Armor |
| 20:23 | Research | Gold Mining |
| 20:31 | Queue | Spearman |
| 21:00 | Queue | Villager (Male) |
| 21:00 | Queue | Villager (Male) |
| 21:07 | Build | House |
| 21:20 | Age | Castle Age |
| 21:22 | Build | Siege Workshop |
| 21:24 | Build | Monastery |
| 21:26 | Research | Pikeman (upgrade) |
| 21:44 | Research | Bow Saw |
| 21:46 | Build | Town Center |
| 21:47 | Queue | Villager (Male) |
| 21:48 | Queue | Villager (Male) |
| 21:58 | Queue | Mangonel |
| 22:04 | Queue | Villager (Male) |
| 22:11 | Queue | Monk |
| 22:26 | Queue | Spearman |
| 22:26 | Queue | Spearman |
| 22:26 | Queue | Spearman |
| 22:28 | Queue | Villager (Male) |
| 22:31 | Queue | Villager (Male) |
| 22:32 | Queue | Villager (Male) |
Match timeline
| 6:44 | [DDocs] Dr.Elektrostuhl · wall_segment Palisade Wall x1 |
| 6:52 | Estudasses · first_building Barracks |
| 7:43 | Estudasses · wall_segment Palisade Wall x1 |
| 7:43 | Estudasses · wall_segment Palisade Wall x1 |
| 7:44 | Estudasses · wall_segment Palisade Wall x1 |
| 8:30 | Estudasses · age_up feudal |
| 8:32 | Estudasses · first_building Archery Range |
| 8:49 | [DDocs] Dr.Elektrostuhl · wall_segment Palisade Wall x1 |
| 8:52 | [DDocs] Dr.Elektrostuhl · wall_segment Palisade Wall x1 |
| 11:46 | [DDocs] Dr.Elektrostuhl · age_up feudal |
| 12:02 | [DDocs] Dr.Elektrostuhl · first_building Stable |
| 14:33 | [DDocs] Dr.Elektrostuhl · age_up castle |
| 16:03 | [DDocs] Dr.Elektrostuhl · wall_segment Palisade Wall x1 |
| 16:04 | [DDocs] Dr.Elektrostuhl · wall_segment Palisade Wall x1 |
| 16:08 | [DDocs] Dr.Elektrostuhl · wall_segment Palisade Wall x1 |
| 16:13 | [DDocs] Dr.Elektrostuhl · wall_segment Palisade Wall x1 |
| 16:14 | [DDocs] Dr.Elektrostuhl · wall_segment Palisade Wall x1 |
| 16:16 | [DDocs] Dr.Elektrostuhl · wall_segment Palisade Wall x1 |
| 17:04 | [DDocs] Dr.Elektrostuhl · wall_segment Palisade Wall x1 |
| 18:23 | Estudasses · first_market_buy 100 food |
| 18:26 | Estudasses · first_market_sell 100 wood |
| 18:28 | [DDocs] Dr.Elektrostuhl · first_building Siege Workshop |
| 20:41 | [DDocs] Dr.Elektrostuhl · first_building Monastery |
| 20:49 | [DDocs] Dr.Elektrostuhl · wall_segment Palisade Wall x1 |
| 21:05 | [DDocs] Dr.Elektrostuhl · wall_segment Palisade Wall x1 |
| 21:06 | [DDocs] Dr.Elektrostuhl · wall_segment Palisade Wall x1 |
| 21:20 | Estudasses · age_up castle |
| 21:22 | Estudasses · first_building Siege Workshop |
| 21:24 | Estudasses · first_building Monastery |
| 29:20 | Estudasses · first_building Castle |
| 30:28 | [DDocs] Dr.Elektrostuhl · resign |
[ AI ANALYSIS · 1 CREDIT ]
What really happened in this match?
Wolo.gg analyzes every decision: build order, eco, micro, common mistakes by bracket. Personalized analysis on WhatsApp or Discord in 30 seconds.
Civ guide
Khmer
Perfil
Jugador #9055688